 Dungeon Crawl Stone Soup version 0.28-a0-413-gde365fb (webtiles) character file.

Game seed: 13700748081486562457

4818 Sixotanaka the Frost Mage (level 10, -4/63 HPs)
             Began as a Merfolk Ice Elementalist on Sept 7, 2021.
             Was a Believer of Makhleb.
             Slain by a vampire (10 damage)
             ... on level 8 of the Dungeon.
             The game lasted 00:29:51 (11405 turns).

Sixotanaka the Frost Mage (MfIE)                   Turns: 11405, Time: 00:29:51

Health: -4/63      AC: 19    Str:  9    XL:     10   Next: 48%
Magic:  22/22      EV: 13    Int: 16    God:    Makhleb [**....]
Gold:   463        SH:  7    Dex: 16    Spells: 6/13 levels left

rFire   . . .      SeeInvis .   z - +2 spear (vorpal)
rCold   . . .      Faith    .   g - +2 buckler
rNeg    . . .      Spirit   .   C - +1 acid dragon scales
rPois   .          Reflect  .   s - +0 helmet
rElec   .          Harm     .   x - +0 cloak
rCorr   +          Rampage  .   r - +0 pair of gloves
Will    .....                   (no boots)
Stlth   ++........              (no amulet)
HPRegen 0.20/turn               i - ring of magical power
MPRegen 0.18/turn               t - +4 ring of protection

@: ice-armoured
A: (nimble swimmer 2), mertail
a: Renounce Religion, Minor Destruction


You were on level 8 of the Dungeon.
You worshipped Makhleb.
Makhleb was pleased with you.
You visited 2 branches of the dungeon, and saw 10 of its levels.
You also visited: Sewer and Ossuary.

You collected 619 gold pieces.
You spent 156 gold pieces at shops.

Inventory:

Hand Weapons
 z - a +2 vorpal spear (weapon)
Missiles
 E - 2 throwing nets
Armour
 g - a +2 buckler (worn)
 r - a +0 pair of gloves (worn)
 s - a +0 helmet (worn)
 x - a +0 cloak (worn)
 C - +1 acid dragon scales (worn)
Jewellery
 i - a ring of magical power (left hand)
 t - a +4 ring of protection (right hand)
Wands
 m - a wand of paralysis (9)
 B - a wand of flame (14)
Scrolls
 j - a scroll of enchant weapon
 k - 5 scrolls of fog
 l - 5 scrolls of magic mapping
 o - 2 scrolls of enchant armour
 q - 3 scrolls of fear
 u - 3 scrolls of teleportation {unknown}
 v - a scroll of silence {unknown}
 w - 2 scrolls of vulnerability {unknown}
 y - a scroll of acquirement {unknown}
Potions
 b - a potion of mutation {unknown}
 c - a potion of resistance
 d - a potion of lignification {unknown}
 e - a potion of ambrosia {unknown}
 f - a potion of curing
 n - 7 potions of flight
 p - a potion of haste {unknown}
 A - 2 potions of brilliance {unknown}
 D - a potion of invisibility {unknown}


   Skills:
 - Level 12.0 Polearms
 + Level 5.1 Dodging
 - Level 2.1 Stealth
 - Level 4.0 Shields
 - Level 2.0 Spellcasting
 + Level 12.6 Ice Magic


You had 6 spell levels left.
You knew the following spells:

 Your Spells              Type           Power      Damage    Failure   Level
a - Freeze                Ice            100%       1d11      1%          1
b - Frozen Ramparts       Ice            82%        1d10      1%          3
c - Ozocubu's Armour      Ice            41%        N/A       1%          3

Your spell library contained the following spells:

 Spells                   Type           Power      Damage    Failure   Level
 Ensorcelled Hibernation  Hex/Ice        42%        N/A       4%          2
 Hailstorm                Conj/Ice       21%        3d6       26%         4
 Magic Dart               Conj           4%         1d3       34%         1
 Searing Ray              Conj           2%         2d4       45%         2
 Slow                     Hex            1%         N/A       45%         2
 Confusing Touch          Hex            1%         N/A       71%         3
 Dazzling Flash           Conj/Hex       2%         N/A       71%         3
 Spider Form              Tmut/Pois      0%         N/A       71%         3
 Vampiric Draining        Necr           0%         2d6       71%         3
 Fulminant Prism          Conj/Hex       0%         3d6       98%         4
 Iskenderun's Mystic Bla  Conj/Tloc      1%         2d3       98%         4
 Starburst                Conj/Fire      0%         6d3       100%        6


Dungeon Overview and Level Annotations

Branches:
Dungeon (9/15)             Temple (1/1) D:5           Sewer (visited)
Ossuary (visited)
   Lair: D:8-11         Orc: D:9-12

Altars:
Cheibriados
Elyvilon
Fedhas
Gozag
Hepliaklqana
Kikubaaqudgha
Makhleb
Qazlal
Ru
Sif Muna
Trog
Uskayaw
Wu Jian
Xom
Yredelemnul
Zin
The Shining One

Shops:
D:5 (*(


Innate Abilities, Weirdness & Mutations

((You are quick and stealthy near water. (Stealth+, EV+, Speed+++)))
Your lower body shifts to a powerful aquatic tail in water.


Message History

Something draws strength from your injuries!
Your acid dragon scales prevents you from hitting something.
You miss something. Something hits you but does no damage. Something bites you.
Something draws strength from your injuries!
You closely miss something. You miss something.
Something hits you but does no damage. Something barely misses you.
You miss something. You hit something. Something hits you. Something bites you.
Something draws strength from your injuries!
You hit something but do no damage. You hit something but do no damage.
Something hits you. Something bites you!
* * * LOW HITPOINT WARNING * * *
Something draws strength from your injuries!
You closely miss something.
Okay, then.
Okay, then.
You miss something. Something hits you.
* * * LOW HITPOINT WARNING * * *
Something bites you.
* * * LOW HITPOINT WARNING * * *
Something draws strength from your injuries!
You hit something but do no damage. You closely miss something.
Something hits you but does no damage. You block something's attack.
You miss something. You hit something but do no damage.
You block something's attack. Something bites you.
* * * LOW HITPOINT WARNING * * *
Something draws strength from your injuries!
Casting: Ozocubu's Armour (safe; 1% risk of failure)
Confirm with . or Enter, or press ? or * to list all spells.
Aiming: Freeze (safe; 1% risk of failure)
Press: ? - help, Shift-Dir - straight line, f - you
Okay, then.
You hit something.
You feel better. Something hits you!
* * * LOW HITPOINT WARNING * * *
Something bites you!
You die...

...####.# #.##.÷.....#####
#.# ........#
#..#...#...#...# #.#
#...##### #..#...#...#.#.#
#.#
.....#######..'#######'.#.#
#.# ........#........#
#....#.# #.#
.....##.#.#############...#
#.# #..........# #........#
#..
##.####.#..#######.########
##. ##.####.#......{@....#
#. ..(.......########.#.#
#. #...###.### #.#.# #.
#.#.###.# #.#.# #.
........# #.#.# #.
#....####### #.#.# #.
...........# #.#.# #.
#....#####.# #.#.# ###.
#.#.## #.# #.#†####### #...


There were no monsters in sight!

Vanquished Creatures
  Harold (D:7)
  Maggie (D:6)
  Eustachio (D:6)
  Sigmund (D:3)
  2 wyverns (D:8)
  A steam dragon (D:6)
  Duvessa (D:6)
  Edmund (D:5)
  A hornet zombie (D:8)
  A water moccasin (D:7)
  An ice beast (D:4)
  A necrophage (D:5)
  4 ogres
  4 centaurs
  Blork the orc (D:5)
  3 scorpions
  2 bullfrogs
  Dowan (D:6)
  7 killer bees (D:8)
  4 wights (D:8)
  2 howler monkeys (D:7)
  6 centaur zombies (Ossuary)
  A centaur skeleton (D:5)
  An orc priest (D:4)
  4 hounds
  Terence (D:2)
  An iguana (D:6)
  7 orc wizards
  A killer bee zombie (D:8)
  5 mummies (Ossuary)
  Robin (D:3)
  9 gnolls
  6 adders
  A shadow imp (D:5)
  A white imp (D:7)
  4 worms (Sewer)
  2 dart slugs
  20 orcs
  11 ball pythons
  10 bats
  7 endoplasms
  9 giant cockroaches
  14 goblins
  9 hobgoblins
  6 jackals
  6 kobolds
  12 quokkas
  4 frilled lizards
  4 hobgoblin zombies (Ossuary)
  2 rats
206 creatures vanquished.

Notes
Turn   | Place    | Note
-------+----------+-------------------------------------------
     0 | D:1      | Sixotanaka the Merfolk Ice Elementalist began the quest for
                  | the Orb.
     0 | D:1      | Reached XP level 1. HP: 13/13 MP: 3/3
   225 | D:1      | Reached XP level 2. HP: 11/19 MP: 0/5
   359 | D:1      | Reached skill level 5 in Ice Magic
   655 | D:1      | Reached XP level 3. HP: 24/24 MP: 4/6
  1683 | D:2      | Noticed Terence
  1693 | D:1      | Learned a level 3 spell: Frozen Ramparts
  1894 | D:2      | Killed Terence
  1895 | D:2      | Reached XP level 4. HP: 25/30 MP: 7/7
  2173 | D:2      | Learned a level 3 spell: Ozocubu's Armour
  2337 | D:3      | Reached XP level 5. HP: 35/35 MP: 8/8
  2480 | D:3      | Noticed Sigmund
  2490 | D:3      | Killed Sigmund
  2491 | D:3      | Reached XP level 6. HP: 41/41 MP: 7/9
  2606 | D:3      | Found a glowing drain.
  2624 | Sewer    | Entered a sewer
  3893 | D:3      | Noticed Robin
  3900 | D:3      | Killed Robin
  4473 | D:4      | Reached XP level 7. HP: 37/46 MP: 10/10
  4728 | D:4      | Reached skill level 5 in Polearms
  5752 | D:5      | Entered Level 5 of the Dungeon
  5826 | D:5      | Found Wuysotwe's Assorted Antiques.
  5944 | D:5      | Found a staircase to the Ecumenical Temple.
  5961 | D:5      | Noticed Edmund
  5972 | D:5      | Killed Edmund
  5973 | D:5      | Reached XP level 8. HP: 40/52 MP: 10/11
  5983 | Temple   | Entered the Ecumenical Temple
  6051 | Temple   | Became a worshipper of Makhleb the Destroyer
  6103 | D:5      | Found Jiulim's Weapon Shoppe.
  6190 | D:5      | Noticed Blork the orc
  6230 | D:5      | Killed Blork the orc
  6840 | D:5      | Reached skill level 10 in Ice Magic
  7068 | D:5      | Found Vieteef's Antique Weapon Emporium.
  7098 | D:5      | Bought a glowing spear for 156 gold pieces
  7183 | D:5      | Found a blossoming altar of Fedhas.
  7185 | D:5      | Found a shimmering altar of Xom.
  7185 | D:5      | Found a shimmering blue altar of Sif Muna.
  7187 | D:5      | Found an ornate altar of the Wu Jian Council.
  7187 | D:5      | Found a burning altar of Makhleb.
  7187 | D:5      | Found a snail-covered altar of Cheibriados.
  7454 | D:5      | Found a hide-covered altar of Uskayaw.
  7571 | D:6      | Found a sand-covered staircase.
  7616 | Ossuary  | Entered an ossuary
  7685 | Ossuary  | Reached skill level 1 in Shields
  7711 | Ossuary  | Reached XP level 9. HP: 32/57 MP: 4/12
  7924 | D:6      | Noticed Maggie
  7936 | D:6      | Killed Maggie
  7936 | D:6      | Reached * piety under Makhleb
  8003 | D:6      | Found a white marble altar of Elyvilon.
  8017 | D:6      | Reached skill level 10 in Polearms
  8073 | D:6      | Found an ancient bone altar of Kikubaaqudgha.
  8558 | D:6      | Noticed Eustachio
  8565 | D:6      | Killed Eustachio
  8680 | D:6      | Noticed Duvessa
  8680 | D:6      | Noticed Dowan
  8694 | D:6      | Killed Dowan
  8701 | D:6      | Killed Duvessa
  9163 | D:7      | Found a glowing silver altar of Zin.
  9814 | D:7      | Noticed Harold
  9849 | D:7      | Killed Harold
  9850 | D:7      | Reached XP level 10. HP: 63/63 MP: 11/13
 10111 | D:7      | Found an ornate altar of the Wu Jian Council.
 10918 | D:8      | Found a sacrificial altar of Ru.
 10925 | D:8      | Reached ** piety under Makhleb
 11164 | D:8      | Reached skill level 5 in Dodging
 11331 | D:9      | Noticed a two-headed ogre
 11403 | D:8      | HP: 1/63 [something (4)]
 11405 | D:8      | Slain by a vampire

Illustrated notes

Levels and vault maps discovered:
D:1:      lemuel_arrival_tunnels, layout_rooms, serial_rivers,
          chequers_serial_rivers_small_a, chequers_serial_rivers_large_b,
          chequers_serial_rivers_large_a, chequers_serial_rivers_small_3,
          grunt_decor_fettered
D:2:      layout_rooms, uniq_terence
D:3:      layout_basic, serial_corexii_hall, corexii_hall_statues_l,
          corexii_hall_statues_deadend, gup_sewer_entry_pipe,
          chequers_serial_rivers_room_b, minmay_crystal_room, uniq_robin,
          uniq_sigmund
D:4:      layout_cave_pods, minmay_misc_feat_four_crosses
D:5:      layout_basic, doesnt_xom_only_xom, nicolae_overflow_hidden_temple,
          minmay_temple_entry_butterflies, serial_shops,
          nicolae_inconvenience_store, shop, shop, uniq_blork_the_orc,
          uniq_edmund
D:6:      layout_loops_ring, mainiacjoe_overflow_catch_the_wave,
          nicolae_ossuary_entry_ruins, dk_noncrumbling_3, uniq_eustachio,
          uniq_duvessa, uniq_maggie
D:7:      layout_basic, pdpol_wu_jian_five_deadly_venoms,
          mainiacjoe_overflow_cross_hatched, uniq_harold
D:8:      layout_loops_ring, nicolae_ru_great_annihilating_truth
D:9:      layout_basic, solitary_fountain
Temple:   regret_index_temple_waves

Skill      XL: |  1  2  3  4  5  6  7  8  9 10 |
---------------+-------------------------------+-----
Ice Magic      | 5 6 7 8 9 10 12 | 12.6
Polearms       | 2 4 6 9 12 | 12.0
Shields        | 1 4 |  4.0
Dodging        | 5 |  5.1
Stealth        | |  2.1
Spellcasting   | |  2.0

Action                   |  1- 3 |  4- 6 |  7- 9 | 10-12 || total
-------------------------+-------+-------+-------+-------++-------
Melee: Short sword       |     6 |       |       |       ||     6
       Spear             |       |   118 |   198 |   175 ||   491
       Tailslap          |       |     4 |       |       ||     4
 Cast: Freeze            |    49 |    48 |    94 |    18 ||   209
       Frozen Ramparts   |     1 |     9 |    31 |     9 ||    50
       Ozocubu's Armour  |       |     1 |    18 |     6 ||    25
  Use: Scroll            |       |       |     9 |       ||     9
       Potion            |       |       |     5 |     5 ||    10
 Stab: Sleeping          |     4 |    12 |     5 |       ||    21
       Invisible         |       |       |       |     1 ||     1
       Paralysed         |       |       |       |     1 ||     1
Armor: Robe              |     3 |    21 |   144 |       ||   168
       Acid dragon scale |       |       |    21 |    44 ||    65
Dodge: Dodged            |    27 |    89 |   189 |    53 ||   358
Block: Buckler           |       |       |     3 |    34 ||    37

Table legend: (Time is in decaauts)
 A = Elapsed time spent in this place.
 B = Non-inter-level travel time spent in this place.
 C = Inter-level travel time spent in this place.
 D = Time resting spent in this place.
 E = Time spent auto-exploring this place.
 F = Levels seen in this place.
 G = Mean time per level.
                   A        B        C        D        E       F      G
               +--------+--------+--------+--------+--------+-----+--------+
         Total |  11107 |  10822 |    285 |   2362 |   6396 |  12 |  925.6 |
       Dungeon |  10060 |   9792 |    268 |   2033 |   5949 |   9 | 1117.8 |
        Temple |     86 |     69 |     17 |      0 |     31 |   1 |   86.0 |
         Sewer |    712 |    712 |      0 |    236 |    350 |   1 |  712.0 |
       Ossuary |    248 |    248 |      0 |     93 |     66 |   1 |  248.0 |
               +--------+--------+--------+--------+--------+-----+--------+

Top non-repeatable levels by time:
     D:4: 1661 daAuts
     D:1: 1354 daAuts
     D:3: 1324 daAuts
     D:5: 1305 daAuts
     D:6: 1289 daAuts
     D:7: 1170 daAuts
     D:8: 1015 daAuts
     D:2: 926 daAuts
   Sewer: 712 daAuts
 Ossuary: 248 daAuts
  Temple: 86 daAuts
     D:9: 12 daAuts
